 Dungeon Crawl Stone Soup version 0.20.1-1-g8b1a95d (webtiles) character file.

242 Monsterracer the Insei (level 5, 0/38 HPs)
             Began as a Vampire Artificer on Aug 22, 2017.
             Was a Follower of Ru.
             Killed by divine providence
             ... invoked by an orc priest
              (17 damage)
             ... on level 4 of the Dungeon.
             The game lasted 00:08:16 (3331 turns).

Monsterracer the Insei (Vampire Artificer)          Turns: 3331, Time: 00:08:16

Health: 0/38       AC:  6    Str: 12    XL:     5   Next: 81%
Magic:  7/7        EV: 13    Int: 14    God:    Ru [*.....]
Gold:   211        SH:  0    Dex: 14    Spells: 4/4 levels left

rFire    . . .     SeeInvis +   b - +2 short sword (venom)
rCold    . . .     Gourm    .   (no shield)
rNeg     + . .     Faith    .   j - +0 leather armour
rPois    .         Spirit   .   k - +1 hat
rElec    .         Reflect  .   (no cloak)
rCorr    .         Harm     .   (no gloves)
MR       .....                  o - +1 pair of boots
Stlth    ++........             (no amulet)
Regen    0.2/turn               (no ring)
MPRegen  0.1/turn               (no ring)

@: no scrolls
A: fangs 3, see invisible, unbreathing, inability to read while threatened
a: Bat Form, Renounce Religion


You were on level 4 of the Dungeon.
You worshipped Ru.
Ru was aware of your devotion.
You were not thirsty.

You visited 1 branch of the dungeon, and saw 4 of its levels.

You collected 211 gold pieces.

Inventory:

Hand Weapons
 b - a +2 short sword of venom (weapon)
Armour
 j - a +0 leather armour (worn)
 k - a +1 hat (worn)
 o - a +1 pair of boots (worn)
Wands
 c - a wand of flame (12/48)
 d - a wand of enslavement (14/24)
Scrolls
 a - 4 scrolls of remove curse {unknown}
 g - 2 scrolls of enchant weapon {unknown}
 h - 5 scrolls of identify {unknown}
 i - a scroll of amnesia {unknown}
 l - a scroll of immolation {unknown}
 n - a scroll of teleportation {unknown}
 q - a scroll of enchant armour {unknown}
 s - a scroll of fear {unknown}
Potions
 e - a potion of mutation {unknown}
 f - 20 potions of blood
 m - a potion of degeneration {unknown}
 p - 2 potions of berserk rage {unknown}
 r - a potion of might {unknown}
 t - a potion of lignification {unknown}


   Skills:
 + Level 2.0 Fighting
 - Level 1.1 Short Blades
 + Level 3.1 Dodging
 + Level 2.0 Stealth
 * Level 5.2 Unarmed Combat
 - Level 2.6 Evocations


You had 4 spell levels left.
You didn't know any spells.

Dungeon Overview and Level Annotations

Branches:
Dungeon (4/15)
 Temple: D:4-7

Altars:
Ru

Annotations:
D:3 Daviar's ghost, novice OpFE


Innate Abilities, Weirdness & Mutations

You have razor-sharp teeth.
You have supernaturally acute eyesight. (SInv)
You can survive without breathing.
You cannot read scrolls while threatened.


Message History

The orc priest miscasts a cantrip.
You hit the orc.
The orc looks even sicker.
The orc is heavily wounded.
The orc priest mumbles some strange prayers to Beogh against you.
Beogh smites you! The orc closely misses you.
Huge Dmg: -34%(-13hp) hp: 66%(25hp)
You hit the orc but do no damage.
The orc looks as sick as possible!
The orc is heavily wounded.
You hit the orc but do no damage.
The orc looks as sick as possible!
The orc is severely wounded.
The orc hits you with a flail!
You feel threatened and lose the ability to read scrolls!
* * * LOW HITPOINT WARNING * * *
The orc priest calls upon Beogh to heal the orc.
The orc's wounds heal themselves!
Huge Dmg: -21%(-8hp) hp: 45%(17hp)
You completely miss the orc. The orc barely misses you.
The orc priest invokes the aid of Beogh against you.
Beogh smites you!
You die...

###### #....# #
#####.##.# .#
#........# ..#
##.##...####o..#
#.........@oo..#
#..#..##########
####.......(.
##.###.##
##.......#
#....##..#
#........#
#####....#
#..).....######


You could see an orc priest and 2 orcs.

Vanquished Creatures
  3 orc wizards
  4 gnolls
  An adder (D:2)
  An ooze (D:2)
  5 worms
  A leopard gecko (D:2)
  8 orcs
  5 giant cockroaches
  10 hobgoblins
  6 jackals (D:2)
  9 kobolds
  A ball python (D:3)
  13 bats
  4 frilled lizards
  7 goblins
  4 rats
82 creatures vanquished.

Notes
Turn   | Place    | Note
-------+----------+-------------------------------------------
     0 | D:1      | Monsterracer the Vampire Artificer began the quest for the Orb.
     0 | D:1      | Reached XP level 1. HP: 14/14 MP: 2/2
   112 | D:1      | Reached skill level 1 in Unarmed Combat
   145 | D:1      | HP: 5/14 [hobgoblin/club (5)]
   464 | D:1      | Reached XP level 2. HP: 20/20 MP: 4/4
   567 | D:1      | Reached skill level 2 in Unarmed Combat
   571 | D:1      | HP: 10/20 [poisoned by a kobold]
   577 | D:1      | HP: 7/20 [poisoned by a kobold]
   582 | D:1      | HP: 7/20 [poisoned by a kobold]
   587 | D:1      | HP: 7/20 [poisoned by a kobold]
   595 | D:1      | HP: 7/20 [poisoned by a kobold]
  1059 | D:2      | Found a sacrificial altar of Ru.
  1085 | D:2      | Reached XP level 3. HP: 24/25 MP: 5/5
  1092 | D:2      | Reached skill level 3 in Unarmed Combat
  1108 | D:2      | Became a worshipper of Ru the Awakened
  1244 | D:2      | Reached skill level 4 in Unarmed Combat
  1254 | D:2      | Reached XP level 4. HP: 31/31 MP: 6/6
  1405 | D:2      | Reached skill level 1 in Fighting
  1539 | D:3      | HP: 12/32 [gnoll/halberd (14)]
  1555 | D:2      | HP: 5/32 [gnoll (5)]
  1739 | D:2      | HP: 15/32 [orc/whip (3)]
  1745 | D:2      | HP: 10/32 [orc wizard/dagger (1)]
  1751 | D:2      | HP: 4/32 [orc wizard/magic dart (8)]
  1753 | D:2      | Reached XP level 5. HP: 6/38 MP: 7/7
  2053 | D:3      | Noticed Daviar's ghost (novice OpFE)
  2078 | D:3      | HP: 14/38 [Daviar's ghost/flame tongue (8)]
  2278 | D:3      | HP: 12/38 [Daviar's ghost/flame tongue (15)]
  2281 | D:3      | HP: 5/38 [Daviar's ghost/puff of flame (8)]
  2550 | D:3      | Reached skill level 5 in Unarmed Combat
  2647 | D:3      | HP: 17/38 [Daviar's ghost (16)]
  3092 | D:3      | Gained mutation: You cannot read scrolls while threatened. [Ru sacrifice]
  3092 | D:3      | Reached * piety under Ru
  3330 | D:4      | HP: 17/38 [orc/flail (8)]
  3331 | D:4      | Killed from afar by an orc priest

Skill      XL: |  1  2  3  4  5 |
---------------+----------------+-----
Unarmed Combat | 1 2 4 5 |  5.2
Fighting       | 1 2 |  2.0
Dodging        | 3 |  3.1
Stealth        | 2 |  2.0
Short Blades   | |  1.1
Evocations     | |  2.6

Action                   |  1- 3 |  4- 6 || total
-------------------------+-------+-------++-------
Melee: Short sword       |   134 |    85 ||   219
       Bite              |    14 |     8 ||    22
       Punch             |     1 |     4 ||     5
       Unarmed           |       |    20 ||    20
Invok: Sacrifice Words   |       |     1 ||     1
 Abil: End Transformatio |       |     2 ||     2
       Bat Form          |       |     2 ||     2
Evoke: Wand              |     3 |    16 ||    19
  Use: Potion            |     6 |     7 ||    13
 Stab: Sleeping          |     2 |     2 ||     4
Armor: Leather armour    |    54 |    33 ||    87
Dodge: Dodged            |   132 |    81 ||   213
